 Dungeon Crawl Stone Soup version 0.24-a0-479-g9a978d2894 (webtiles) character file.

Game seed: 5434326928234739483

515 DasRunzen the Shield-Bearer (level 7, -3/62 HPs)
             Began as a Minotaur Fighter on July 7, 2019.
             Slain by Grinder (4 damage)
             ... on level 5 of the Dungeon.
             The game lasted 00:05:56 (3117 turns).

DasRunzen the Shield-Bearer (Minotaur Fighter)      Turns: 3117, Time: 00:05:56

Health: -3/62      AC: 12    Str: 30    XL:     7   Next: 0%
Magic:  6/6        EV:  8    Int:  5    God:
Gold:   220        SH: 11    Dex:  9    Spells: 6/6 levels left

rFire    . . .     SeeInvis .   a - +0 war axe
rCold    . . .     Gourm    .   c - +0 shield
rNeg     . . .     Faith    .   b - +0 scale mail
rPois    .         Spirit   .   (helmet restricted)
rElec    .         Reflect  .   (no cloak)
rCorr    .         Harm     +   l - +1 pair of gloves
MR       .....                  h - +0 pair of boots
Stlth    ..........             e - amulet of harm
HPRegen  0.20/turn              m - ring of attention (curse)
MPRegen  0.10/turn              (no ring)

@: mighty
A: retaliatory headbutt, horns 2, shaggy fur 1, strong 1
a: no special abilities


You were on level 5 of the Dungeon.
You were very hungry.

You visited 1 branch of the dungeon, and saw 5 of its levels.

You collected 220 gold pieces.

Inventory:

Hand Weapons
 a - a +0 war axe (weapon)
Armour
 b - a +0 scale mail (worn)
 c - a +0 shield (worn)
 h - a +0 pair of boots (worn)
 l - a +1 pair of gloves (worn)
Jewellery
 e - an amulet of harm (around neck)
 m - a cursed ring of attention (left hand)
Scrolls
 g - 2 scrolls of teleportation
 j - 3 scrolls of remove curse
 p - 2 scrolls of identify
Potions
 d - a potion of might
 k - 4 potions of curing
 o - a potion of haste
Comestibles
 f - 9 rations


   Skills:
 + Level 5.7 Fighting
 + Level 4.9 Axes
 + Level 5.7 Armour
 + Level 5.7 Shields


You had 6 spell levels left.
You didn't know any spells.
Your spell library contained the following spells:

 Spells                   Type           Power        Failure   Level  Hunger
 Confusing Touch          Hex            #.....       98%         1    ##.....
 Freeze                   Ice            #...         98%         1    ##.....
 Throw Frost              Conj/Ice       #.....       99%         2    ###....
 Confuse                  Hex            #.......     100%        3    ####...
 Gell's Gravitas          Tloc           #.........   100%        3    ####...
 Ozocubu's Armour         Chrm/Ice       #.......     100%        3    ####...
 Petrify                  Tmut/Erth      #.......     100%        4    #####..
 Summon Ice Beast         Ice/Summ       #.......     100%        4    #####..
 Throw Icicle             Conj/Ice       #.......     100%        4    #####..
 Metabolic Englaciation   Hex/Ice        #.........   100%        5    ######.
 Yara's Violent Unravell  Hex/Tmut       #.........   100%        5    ######.


Dungeon Overview and Level Annotations

Branches:
Dungeon (5/15)
 Temple: D:4-7

Altars:
Ashenzari
Elyvilon
Ru
Vehumet
Zin

Annotations:
D:5 Grinder


Innate Abilities, Weirdness & Mutations

You reflexively headbutt those who attack you in melee.
You have a pair of horns on your head.
You are covered in fur. (AC +1)
Your muscles are strong. (Str +2)


Message History

Unknown command.
You slash the ogre!
The ogre is severely wounded.
You block the ogre's attack.
You slash the ogre!
You kill the ogre!
You have reached level 7!
Grinder grins, showing sharp teeth.
Grinder gestures at you. Pain shoots through your body!
* * * LOW HITPOINT WARNING * * *
Grinder hits you.
* * * LOW HITPOINT WARNING * * *
You see here a +0 giant club.
You slash Grinder! Your headbutt misses Grinder.
Grinder is heavily wounded.
Grinder hits you.
* * * LOW HITPOINT WARNING * * *
You writhe in agony.
You die...

#.......?...#
#............
#......$..#
#............
#......#
#............
#####..##
##...........
##..##
#>..........
##..#####
##.........
###......#
##.#......
#........#
##..###...#
#.....5@####..##
####
##....##..#..##
########...#..#
##........
##.......#
#........
#........
#........
#.......


You could see Grinder.

Vanquished Creatures
  2 ogres
  2 hounds
  An orc wizard (D:4)
  An iguana (D:5)
  2 worker ants (D:4)
  A hound skeleton (D:5)
  3 gnolls (D:2)
  5 adders
  2 worms (D:2)
  A dart slug (D:1)
  2 leopard geckos
  6 orcs
  6 bats
  9 giant cockroaches
  9 hobgoblins
  5 jackals
  A quokka (D:3)
  A ball python (D:1)
  5 frilled lizards
  8 goblins
  10 kobolds
  9 rats
91 creatures vanquished.

Vanquished Creatures (others)
  A frilled lizard (D:4)
1 creature vanquished.

Grand Total: 92 creatures vanquished

Notes
Turn   | Place    | Note
-------+----------+-------------------------------------------
     0 | D:1      | DasRunzen the Minotaur Fighter began the quest for the Orb.
     0 | D:1      | Reached XP level 1. HP: 19/19 MP: 0/0
   120 | D:1      | Found a shattered altar of Ashenzari.
   305 | D:1      | Reached XP level 2. HP: 26/27 MP: 1/1
  1046 | D:1      | Reached XP level 3. HP: 33/33 MP: 2/2
  1386 | D:2      | Reached XP level 4. HP: 29/40 MP: 3/3
  1627 | D:2      | Found a glowing silver altar of Zin.
  2235 | D:3      | Reached XP level 5. HP: 47/47 MP: 4/4
  2264 | D:3      | Found a sacrificial altar of Ru.
  2354 | D:3      | Gained mutation: Your magical capacity is low. (-10% MP)
                  | [potion of mutation]
  2354 | D:3      | Gained mutation: You are covered in fur. (AC +1) [potion of
                  | mutation]
  2354 | D:3      | Lost mutation: Your magical capacity is low. (-10% MP)
                  | [potion of mutation]
  2354 | D:3      | Gained mutation: Your muscles are strong. (Str +2) [potion
                  | of mutation]
  2486 | D:4      | Found a radiant altar of Vehumet.
  2569 | D:4      | Found a white marble altar of Elyvilon.
  2570 | D:4      | Noticed an ogre
  2575 | D:4      | Killed an ogre
  2575 | D:4      | Reached skill level 5 in Fighting
  2575 | D:4      | Reached skill level 5 in Armour
  2575 | D:4      | Reached skill level 5 in Shields
  2575 | D:4      | Reached XP level 6. HP: 23/56 MP: 5/5
  3008 | D:5      | Entered Level 5 of the Dungeon
  3094 | D:5      | Noticed Grinder
  3096 | D:5      | Paralysed by Grinder for 5 turns
  3102 | D:5      | Paralysed by Grinder for 2 turns
  3115 | D:5      | Reached XP level 7. HP: 20/62 MP: 6/6
  3117 | D:5      | HP: 1/62 [Grinder (4)]
  3117 | D:5      | Slain by Grinder

Levels and vault maps discovered:
D:1:      elethiomel_arrival_maze, layout_loops_ring,
          nicolae_ashenzari_panopticon
D:2:      kennysheep_six_static_rooms, layout_loops_ring,
          lemuel_coloured_pillars_altar, first_ration
D:3:      kennysheep_big_flooded_room, layout_basic, old_standard_altar,
          minmay_misc_feat_x
D:4:      layout_rooms, fiery_altar_vehumet, elyvilon_altar_3
D:5:      layout_cave_pods, hex_large, uniq_grinder

Skill      XL: |  1  2  3  4  5 |
---------------+----------------+-----
Armour         | 4 5 |  5.7
Fighting       | 4 5 |  5.7
Shields        | 4 5 |  5.7
Axes           | 3 4 |  4.9

Action                   |  1- 3 |  4- 6 |  7- 9 || total
-------------------------+-------+-------+-------++-------
Melee: War axe           |    96 |   116 |     1 ||   213
       Headbutt          |     7 |    13 |       ||    20
  Use: Scroll            |     4 |     4 |       ||     8
       Potion            |       |     4 |       ||     4
  Eat: Chunk             |     1 |     5 |       ||     6
Armor: Scale mail        |    41 |    69 |       ||   110
Dodge: Dodged            |    38 |    32 |       ||    70
Block: Shield            |    49 |    64 |       ||   113

Table legend:
 A = Non-vault XP
 B = Vault XP
 C = Vault XP percentage of total XP
 D = Non-vault monster count
 E = Vault monster count
 F = Vault count percentage of total count
                 A         B        C        D         E       F
            +---------+---------+-------+---------+---------+-------
      Total |     698 |      39 |   5.3 |      83 |       8 |   8.8
            +---------+---------+-------+---------+---------+-------
        D:1 |      42 |       0 |   0.0 |      25 |       0 |   0.0
        D:2 |      97 |      35 |  26.5 |      24 |       6 |  20.0
        D:3 |      21 |       4 |  16.0 |      13 |       2 |  13.3
        D:4 |     317 |       0 |   0.0 |      17 |       0 |   0.0
        D:5 |     221 |       0 |   0.0 |       4 |       0 |   0.0
            +---------+---------+-------+---------+---------+-------
